 Dungeon Crawl Stone Soup version 0.31-a0-252-gc4385922b5 (webtiles) character file.

Game seed: 3168650750800946003

112 qw the Shooter (level 4, -1/26 HPs)
             Began as a Gargoyle Hexslinger on July 12, 2023.
             Slain by a goblin
             ... wielding a +0 club
             ... led by Robin
              (4 damage)
             ... on level 2 of the Dungeon.
             The game lasted 00:00:41 (1241 turns).

qw the Shooter (Gargoyle Hexslinger)                Turns: 1241, Time: 00:00:41

Health: -1/26      AC:  5    Str: 11    XL:     4   Next: 95%
Magic:  5/5        EV: 12    Int: 14    God:
Gold:   59         SH:  0    Dex: 14    Spells: 4/5 levels left

rFire   . . .        Y - +2 sling
rCold   . . .        (no shield)
rNeg    + . .        c - +0 robe
rPois   inf          (no helmet)
rElec   +            (no cloak)
rCorr   .            (no gloves)
SInv    .            (no boots)
Will    .....        (no amulet)
Stlth   +            (no ring)
HPRegen 0.24/turn    (no ring)
MPRegen 0.09/turn

%: no passive effects
@: no status effects
A: sickness immunity, AC +3, negative energy resistance 1, electricity
resistance, torment resistance 1, petrification resistance
a: no special abilities


You were on level 2 of the Dungeon.
You visited 1 branch of the dungeon, and saw 2 of its levels.

You collected 59 gold pieces.


Innate Abilities, Weirdness & Mutations

You are immune to sickness and miasma.
Your stone body is resilient. (AC +3)
You are immune to poison.
You resist negative energy. (rN+)
You are resistant to electric shocks. (rElec)
You are resistant to unholy torment.
You are immune to petrification.


   Skills:
 - Level 2.0 Fighting
 + Level 4.6 Ranged Weapons
 - Level 1.5 Dodging
 - Level 1.0 Spellcasting
 - Level 2.6 Hexes


You had 4 spell levels left.
You knew the following spells:

 Your Spells              Type           Power      Damage    Failure   Level
a - Slow                  Hex            32%        N/A       9%          1

Your spell library contained the following spells:

 Spells                   Type           Power      Damage    Failure   Level
 Inner Flame              Hex/Fire       4%         N/A       41%         3
 Portal Projectile        Hex/Tloc       8%         N/A       41%         3
 Cause Fear               Hex            4%         N/A       65%         4

Inventory:

Hand Weapons
 Y - a +2 sling (weapon)
Armour
 c - a +0 robe (worn)
 d - a +0 ring mail
Scrolls
 a - 2 scrolls of identify {unknown}
Potions
 b - a potion of curing {unknown}
 e - a potion of degeneration {unknown}
 i - a potion of haste {unknown}
 j - a potion of invisibility {unknown}

Dungeon Overview and Level Annotations

Branches:
Dungeon (2/15)

Altars:

Shops:
D:1 (


Message History

A goblin comes into view. It is wielding a +0 club.
Robin roars a battlecry!
The goblins go into a battle-frenzy!
The goblin closely misses you.
The goblin shoots a sling bullet.
The sling bullet barely misses you. The goblin hits you with a +0 dagger.
You shoot a sling bullet.
The sling bullet barely misses the goblin.
The goblin hits you with a +0 dagger.
A goblin comes into view. It is wielding a +2 dagger of venom.
The goblin unwields a +0 sling.
The goblin wields a +0 club.
The goblin barely misses you.
You shoot a sling bullet.
The sling bullet closely misses the goblin.
The goblin hits you but does no damage. x2
You shoot a sling bullet. The sling bullet hits the goblin.
You kill the goblin!
You shoot a sling bullet. The sling bullet hits the goblin.
You kill the goblin!
Robin throws the goblin at you!
You shoot a sling bullet. The sling bullet hits the goblin.
You kill the goblin!
The goblin closely misses you.
You shoot a sling bullet. The sling bullet hits the goblin!
You kill the goblin!
You shoot a sling bullet. The sling bullet hits Robin.
Robin is moderately wounded.
You shoot a sling bullet. The sling bullet barely misses Robin.
Robin throws the goblin at you!
You shoot a sling bullet. The sling bullet hits Robin.
Robin is heavily wounded.
Robin hits you with a +1 dagger of holy wrath.
The goblin hits you with a +2 dagger of venom.
You shoot a sling bullet. The sling bullet hits Robin.
Robin is severely wounded.
The goblin hits you with a +2 dagger of venom.
You shoot a sling bullet. The sling bullet hits Robin!
You kill Robin!
The goblin hits you with a +2 dagger of venom!
The goblin hits you with a +0 club.
You die...

###### .....#
####.#
#############
#.#
#...g@)......
#.#
#.####g####.#
#.#######.#
.#
#.%.......#
.#
#.#########
.# ####.# .#
.%.#.#######
.# .#
##.#........
.# .#
##.#.######.
####### .#


You could see 2 goblins.

Vanquished Creatures
  Natasha (twice) (D:2)
  Robin (D:2)
  2 worms
  A dart slug (D:2)
  3 ball pythons (D:2)
  5 bats
  3 endoplasms
  3 giant cockroaches
  7 goblins
  7 hobgoblins
  3 kobolds
  6 quokkas
  2 frilled lizards (D:2)
  4 rats
49 creatures vanquished.

Notes
Turn   | Place    | Note
-------+----------+-------------------------------------------
     0 | D:1      | qw the Gargoyle Hexslinger began the quest for the Orb.
     0 | D:1      | Reached XP level 1. HP: 12/12 MP: 2/2
     0 | D:1      | 0 ||| qw: Version: 0.3-a-52-g30416fa
     0 | D:1      | 0 ||| qw: Game counter: 6604
     0 | D:1      | 0 ||| qw: Melee chars always use a shield: true
     0 | D:1      | 0 ||| qw: God list: Okawaru
     0 | D:1      | 0 ||| qw: Allow faded altars: false
     0 | D:1      | 0 ||| qw: Do Orc after clearing Dungeon:15 true
     0 | D:1      | 0 ||| qw: Do second Lair branch before Depths: true
     0 | D:1      | 0 ||| qw: Lair rune preference: random
     0 | D:1      | 0 ||| qw: Goals: Normal
     0 | D:1      | 0 ||| PLANNING D:1-11
   126 | D:1      | Reached XP level 2. HP: 16/16 MP: 3/3
   217 | D:1      | Reached skill level 3 in Ranged Weapons
   312 | D:1      | Found Kouc's Antique Weapon Boutique.
   476 | D:1      | 476 ||| READING scroll labelled KEV JEMORUWEWN.
   477 | D:1      | 477 ||| READING scroll labelled AMAKHL BOBIUTIK.
   480 | D:1      | 480 ||| READING scroll labelled XIANENNUGAR.
   481 | D:1      | 481 ||| READING scroll labelled ASOYHAJ FEOTIN.
   582 | D:1      | 582 ||| DROPPING scroll of poison.
   604 | D:2      | 604 ||| STAIRDANCE
   608 | D:1      | HP: 4/17 [worm (9)]
   615 | D:1      | Reached XP level 3. HP: 8/21 MP: 4/4
   913 | D:2      | Noticed Natasha
   922 | D:2      | Killed Natasha
   923 | D:2      | Reached XP level 4. HP: 9/26 MP: 5/5
   972 | D:2      | 972 ||| FLEEEEING.
   973 | D:2      | 973 ||| FLEEEEING.
  1013 | D:2      | Reached skill level 4 in Ranged Weapons
  1152 | D:2      | Noticed Natasha
  1156 | D:2      | 1156 ||| Stepping ~*~*~tactically~*~*~ (outnumbered).
  1161 | D:2      | Killed Natasha
  1225 | D:2      | Noticed Robin
  1226 | D:2      | 1226 ||| Stepping ~*~*~tactically~*~*~ (outnumbered).
  1241 | D:2      | Killed Robin
  1241 | D:2      | HP: 3/26 [goblin/+2 dagger of venom[Robin] (7)]
  1241 | D:2      | Slain by a goblin

Levels and vault maps discovered:
D:1:      ncdulo_lavacross, layout_rooms, serial_shops,
          nicolae_shop_hallway_stairs, minmay_pentomino_q2
D:2:      wad_woods_tower, layout_loops_ring, uniq_robin, uniq_natasha

Skill      XL: |  1  2  3  4 |
---------------+-------------+-----
Ranged Weapons | 3 4 |  4.6
Fighting       | 2 |  2.0
Dodging        | |  1.5
Spellcasting   | |  1.0
Hexes          | |  2.6

Action                     |  1- 3 |  4- 6 || total
---------------------------+-------+-------++-------
   Fire: Sling             |   107 |    54 ||   161
    Use: Scroll            |     4 |       ||     4
 Armour: Robe              |     9 |     7 ||    16
  Dodge: Dodged            |    28 |    14 ||    42

Table legend:
 A = Non-vault XP
 B = Vault XP
 C = Vault XP percentage of total XP
 D = Non-vault monster count
 E = Vault monster count
 F = Vault count percentage of total count
                 A         B        C        D         E       F
            +---------+---------+-------+---------+---------+-------
      Total |     108 |      68 |  38.6 |      37 |      12 |  24.5
            +---------+---------+-------+---------+---------+-------
        D:1 |      33 |       1 |   2.9 |      16 |       1 |   5.9
        D:2 |      75 |      67 |  47.2 |      21 |      11 |  34.4
            +---------+---------+-------+---------+---------+-------
